 Dungeon Crawl Stone Soup version 0.22-a0-368-g870eee8 (webtiles) character file.

21035 Amnesiac the Nimble (level 12, 0/97 HPs)
             Began as a Mummy Wizard on Apr 23, 2018.
             Was a High Priest of Kikubaaqudgha.
             Killed from afar by a rime drake (14 damage)
             ... with a flash freeze
             ... in an ice cave.
             The game lasted 00:36:38 (14534 turns).

Amnesiac the Nimble (Mummy Wizard)                 Turns: 14534, Time: 00:36:38

Health: 0/97       AC:  8    Str: 10    XL:     12   Next: 50%
Magic:  12/36      EV: 20    Int: 23    God:    Kikubaaqudgha [*****.]
Gold:   665        SH:  4    Dex: 10    Spells: 1/24 levels left

rFire    . . .     SeeInvis .   a - staff of power
rCold    + . .     Gourm    .   x - +0 buckler
rNeg     + + +     Faith    .   A - +0 steam dragon scales
rPois    ∞         Spirit   .   r - +0 helmet
rElec    .         Reflect  .   d - +1 cloak
rCorr    .         Harm     .   (no gloves)
MR       +....                  (no boots)
Stlth    ++........             l - amulet of magic regeneration
HPRegen  0.26/turn              q - +3 ring of evasion
MPRegen  0.50/turn              v - ring of protection from fire

@: very slightly contaminated
A: no food or potions, fire vulnerability, cold resistance 1, negative energy
resistance 3, torment resistance, unbreathing
a: Receive Corpses, Torment, Renounce Religion


You were in an ice cave.
You worshipped Kikubaaqudgha.
Kikubaaqudgha was extremely pleased with you.
You were not hungry.

You visited 1 branch of the dungeon, and saw 11 of its levels.
You also visited: Ice Cave.

You collected 665 gold pieces.

Inventory:

Hand Weapons
 b - a +0 trident
 i - a +0 blowgun
 m - a +0 hunting sling
 p - a +1 dagger of venom
 z - a +3 dagger of distortion
 B - a +2 dire flail of venom
Missiles
 f - 174 stones (quivered)
 o - 100 sling bullets
 t - 17 poisoned needles
Armour
 d - a +1 cloak (worn)
 r - a +0 helmet (worn)
 x - a +0 buckler (worn)
 A - +0 steam dragon scales (worn)
Magical Staves
 a - an uncursed staff of power (weapon)
 E - an uncursed staff of wizardry
Jewellery
 l - an amulet of magic regeneration (around neck)
 n - an uncursed ring of see invisible
 q - a +3 ring of evasion (left hand)
 v - a ring of protection from fire (right hand)
Wands
 j - a wand of polymorph (15)
 k - a wand of iceblast (11)
 w - a wand of enslavement (7)
 y - a wand of paralysis (16)
 F - a wand of acid (8)
 K - a wand of disintegration (17)
Scrolls
 c - 4 scrolls of teleportation {!r}
 e - 3 scrolls of enchant weapon {!r}
 g - a scroll of magic mapping {!r}
 h - 5 scrolls of identify {!r}
 s - 3 scrolls of enchant armour {!r}
 u - a scroll of blinking {!r}
 C - a scroll of acquirement {!r, unknown}
 D - 2 scrolls of immolation {!r}
 H - a scroll of amnesia {!r}
 I - a scroll of torment {!r}


   Skills:
 + Level 10.2 Fighting
 * Level 12.1 Dodging
 - Level 1.5 Stealth
 - Level 4.0 Shields
 - Level 6.5 Spellcasting
 - Level 0.7 Conjurations
 - Level 0.7 Summonings
 + Level 9.3 Necromancy
 - Level 0.7 Translocations


You had one spell level left.
You knew the following spells:

 Your Spells              Type           Power        Failure   Level  Hunger
a - Agony                 Necr           ######..     4%          5    N/A
b - Call Imp              Summ           ##......     9%          2    N/A
c - Dispel Undead         Necr           ######..     4%          5    N/A
d - Vampiric Draining     Necr           ######....   1%          3    N/A
e - Mephitic Cloud        Conj/Pois/Air  #.......     22%         3    N/A
s - Conjure Flame         Conj/Fire      #.......     22%         3    N/A
v - Blink                 Tloc           N/A          9%          2    N/A

Dungeon Overview and Level Annotations

Branches:
Dungeon (11/15)            Temple (0/1) D:6            Lair (0/6) D:10
    Orc (0/2) D:9

Altars:
Ashenzari
Dithmenos
Elyvilon
Hepliaklqana
Kikubaaqudgha
Nemelex Xobeh
Qazlal
Ru
Sif Muna
Trog
Uskayaw
Xom
Yredelemnul

Shops:
D:10 :

Annotations:
IceCv exclusion: ice statue


Innate Abilities, Weirdness & Mutations

You do not eat or drink.
Your flesh is vulnerable to fire.
You are immune to poison.
Your flesh is cold resistant. (rC+)
You are immune to negative energy. (rN+++)
You are immune to unholy pain and torment.
You can survive without breathing.


Message History

Confirm with . or Enter, or press ? or * to list all spells.
Aiming: Vampiric Draining (safe; 1% risk of failure)
Press: ? - help, Shift-Dir - straight line, f/p - polar bear
Aim: a polar bear (flame, severely wounded)
The polar bear is almost dead.
You feel life coursing into your body.
The polar bear is engulfed in blazing flames.
You kill the polar bear!
Kikubaaqudgha accepts your kill.
Casting: Vampiric Draining (safe; 1% risk of failure)
Confirm with . or Enter, or press ? or * to list all spells.
Aiming: Conjure Flame (safe; 22% risk of failure)
Press: ? - help, Dir - move target cursor You miscast Conjure Flame.
You are very lightly contaminated with residual magic.
You feel uncomfortably hot. The polar bear misses you.
The polar bear claws you but does no damage. x2
Really walk into a travel-excluded area?
The ice statue gestures at you. The freezing blast engulfs you! You resist.
You are engulfed in freezing vapours.
You resist.
The polar bear is engulfed in freezing vapours.
The rime drake is engulfed in freezing vapours.
You are engulfed in freezing vapours.
You resist.
The polar bear is engulfed in freezing vapours.
The rime drake is engulfed in freezing vapours.
The ice statue glitters chillingly in the dim dungeon light.
The ice statue gestures at you. The freezing blast engulfs you! You resist.
You are engulfed in freezing vapours.
You resist.
The ice statue glitters chillingly in the dim dungeon light.
You are engulfed in freezing vapours.
You resist.
* * * LOW HITPOINT WARNING * * *
The polar bear is engulfed in freezing vapours.
The ice statue gestures at you. The freezing blast engulfs you! You resist.
* * * LOW HITPOINT WARNING * * *
You are engulfed in freezing vapours.
You resist.
* * * LOW HITPOINT WARNING * * *
You are engulfed in freezing vapours.
You resist.
* * * LOW HITPOINT WARNING * * *
You see here a wolf skeleton.
The polar bear is engulfed in freezing vapours.
Okay, then.
Casting: Conjure Flame (safe; 22% risk of failure)
Confirm with . or Enter, or press ? or * to list all spells.
Aiming: Agony (safe; 4% risk of failure)
Press: ? - help, Shift-Dir - straight line, f - polar bear
Aim: a polar bear (freezing vapour, severely wounded, chance to defeat MR: 98%)
The polar bear convulses!
The polar bear is engulfed in freezing vapours.
Casting: Agony (safe; 4% risk of failure)
Confirm with . or Enter, or press ? or * to list all spells.
Aiming: Vampiric Draining (safe; 1% risk of failure)
Press: ? - help, Shift-Dir - straight line, f/p - polar bear
Aim: a polar bear (almost dead)
You kill the polar bear!
Kikubaaqudgha accepts your kill.
You feel life coursing into your body. The rime drake breathes ice at you.
The flash freeze hits you! You partially resist.
You die...
Kikubaaqudgha rasps: "You have failed me!
Welcome... oblivion!"

###....##†..##
###§Y.#...Y####
###§k§.####### ##§§h####
#### # ####..§##
###..###### ##.....##
###..#...#..†
##.#..8.k##
#..#####...##
##.####....##########..#
####.# #.#.#
###...##÷@.##...#..# ##.
##!## ###.k.##...#######
## ### ########## #


You could see a rime drake.

Vanquished Creatures
  A hydra (D:9)
  3 two-headed ogres
  4 death yaks
  A cyclops (D:9)
  A deep elf mage (D:9)
  A manticore (D:9)
  Psyche (D:11)
  10 polar bears (IceCv)
  3 trolls
  A hornet (D:11)
  Prince Ribbit (D:5)
  The ghost of Feta the Insei, an amateur OpTm of Sif Muna (D:4)
  2 hippogriffs (D:9)
  22 yaks
  A wraith (D:10)
  A steam dragon (D:9)
  2 hungry ghosts
  A water moccasin (D:10)
  Edmund (D:5)
  3 orc warriors
  4 sky beasts
  An eye of draining (D:11)
  3 ice beasts
  2 black bears
  A phantom (D:4)
  13 wolves (IceCv)
  3 ogres
  A crocodile (D:9)
  11 centaurs
  9 bullfrogs
  4 scorpions
  A water moccasin skeleton (D:9)
  16 killer bees
  6 howler monkeys
  A bullfrog zombie (D:10)
  3 crimson imps
  2 bullfrog skeletons
  A centaur zombie (D:10)
  3 orc priests
  9 hounds
  A jelly (D:5)
  Jessica (D:3)
  3 iguanas
  4 worker ants
  5 orc wizards
  3 hell rats
  A hound skeleton (D:9)
  A hound zombie (D:6)
  3 howler monkey skeletons
  A worker ant zombie (D:9)
  6 adders
  2 shadow imps
  2 oozes (D:2)
  2 adder skeletons (D:7)
  2 worms (D:3)
  2 dart slugs
  8 leopard geckos
  21 orcs
  2 giant cockroaches
  8 goblins
  5 hobgoblins
  16 jackals
  6 quokkas
  3 ball pythons
  9 bats
  4 frilled lizards
  A jackal skeleton (D:6)
  7 kobolds
  A leopard gecko skeleton (D:8)
  2 leopard gecko zombies (D:8)
  A quokka skeleton (D:5)
  A quokka zombie (D:9)
  6 rats
295 creatures vanquished.

Vanquished Creatures (collateral kills)
  The ghost of Torious the Conjurer, a novice DECj of Sif Muna (D:5)
  A queen bee (D:8)
  Grinder (D:5)
  A hippogriff (D:10)
  A phantom (D:4)
  A necrophage (D:8)
  A centaur (D:11)
  A bullfrog (D:3)
  4 killer bees (D:8)
  4 crimson imps
  A bullfrog zombie (D:9)
  An iguana (D:10)
  2 hell rats (D:10)
  A worker ant (D:4)
  An adder (D:5)
  A shadow imp (D:9)
  2 leopard geckos
  4 orcs (D:4)
  A giant cockroach (D:7)
  A hobgoblin (D:4)
  A quokka (D:10)
  A bat (D:1)
  2 rats (D:1)
35 creatures vanquished.

Vanquished Creatures (others)
  An orc wizard (D:8)
1 creature vanquished.

Grand Total: 331 creatures vanquished

Notes
Turn   | Place    | Note
-------+----------+-------------------------------------------
     0 | D:1      | Amnesiac the Mummy Wizard began the quest for the Orb.
     0 | D:1      | Reached XP level 1. HP: 13/13 MP: 5/5
   197 | D:2      | Reached skill level 2 in Dodging
   197 | D:2      | Reached XP level 2. HP: 16/20 MP: 0/7
   205 | D:2      | Learned a level 2 spell: Call Imp
   255 | D:3      | Found a faded altar of an unknown god.
   279 | D:4      | Noticed a scorpion
   343 | D:3      | Noticed a bullfrog
   351 | D:3      | Killed a bullfrog
   351 | D:3      | Reached skill level 1 in Fighting
   351 | D:3      | Reached XP level 3. HP: 10/26 MP: 0/8
   356 | D:3      | Learned a level 3 spell: Conjure Flame
   360 | D:3      | Learned a level 3 spell: Mephitic Cloud
   903 | D:4      | Reached skill level 3 in Dodging
   979 | D:4      | Noticed Feta's ghost (amateur OpTm)
   996 | D:5      | Entered Level 5 of the Dungeon
  1021 | D:4      | Noticed a phantom
  1080 | D:4      | Killed Feta's ghost
  1080 | D:4      | Reached skill level 4 in Dodging
  1080 | D:4      | Reached XP level 4. HP: 16/34 MP: 1/10
  1080 | D:4      | Reached XP level 5. HP: 19/40 MP: 1/11
  1374 | D:4      | Killed a phantom
  1374 | D:4      | Reached XP level 6. HP: 18/47 MP: 6/12
  1774 | D:6      | Reached skill level 5 in Dodging
  1994 | D:4      | Reached XP level 7. HP: 53/54 MP: 10/13
  2022 | D:4      | Found a shimmering altar of Xom.
  2144 | D:5      | Noticed Torious's ghost (novice DECj)
  2151 | D:5      | Found an ancient bone altar of Kikubaaqudgha.
  2159 | D:5      | Became a worshipper of Kikubaaqudgha
  2168 | D:5      | Noticed Edmund
  2879 | D:2      | Found a shattered altar of Ashenzari.
  3024 | D:2      | Reached * piety under Kikubaaqudgha
  3024 | D:2      | Identified Kikubaaqudgha's Handbook of Darkness (Kikubaaqudgha gifted it to you on level 2 of the Dungeon)
  3024 | D:2      | Received a gift from Kikubaaqudgha
  3635 | D:3      | Reached skill level 1 in Necromancy
  3645 | D:3      | Noticed Jessica
  3660 | D:3      | Killed Jessica
  3759 | D:3      | Found a hazy altar of Hepliaklqana.
  4209 | D:5      | Killed Torious's ghost
  4209 | D:5      | Reached skill level 6 in Dodging
  4209 | D:5      | Reached XP level 8. HP: 27/61 MP: 11/14
  4595 | D:5      | Killed Edmund
  4595 | D:5      | Reached skill level 5 in Fighting
  4642 | D:5      | Found a basalt altar of Yredelemnul.
  4643 | D:5      | Found a deep blue altar of Sif Muna.
  4785 | D:5      | Noticed Grinder
  4791 | D:5      | Noticed Prince Ribbit
  4792 | D:5      | Paralysed by Grinder for 2 turns
  4841 | D:5      | Paralysed by Grinder for 7 turns
  4889 | D:5      | Killed Grinder
  5182 | D:5      | Killed Prince Ribbit
  5339 | D:6      | Found a sparkling altar of Nemelex Xobeh.
  5353 | D:6      | Found a stormy altar of Qazlal.
  5353 | D:6      | Found a shadowy altar of Dithmenos.
  5354 | D:6      | Found a hide-covered altar of Uskayaw.
  5458 | D:6      | Reached ** piety under Kikubaaqudgha
  5471 | D:6      | Found a bloodstained altar of Trog.
  5541 | D:6      | Reached XP level 9. HP: 40/68 MP: 10/15
  5657 | D:6      | Found a staircase to the Ecumenical Temple.
  6039 | D:6      | Noticed a troll
  6051 | D:6      | Killed a troll
  6051 | D:6      | Reached skill level 7 in Dodging
  6051 | D:6      | Reached skill level 5 in Necromancy
  6296 | D:6      | Learned a level 2 spell: Blink
  6300 | D:6      | Learned a level 3 spell: Vampiric Draining
  6885 | D:8      | Noticed a two-headed ogre
  6947 | D:8      | Found a white marble altar of Elyvilon.
  7215 | D:8      | Killed a two-headed ogre
  7215 | D:8      | Reached skill level 8 in Dodging
  7286 | D:8      | Found a sacrificial altar of Ru.
  7435 | D:8      | Reached skill level 5 in Spellcasting
  7749 | D:8      | Noticed a queen bee
  7758 | D:8      | Reached XP level 10. HP: 70/77 MP: 17/17
  8023 | D:7      | Reached *** piety under Kikubaaqudgha
  8023 | D:7      | Identified Kikubaaqudgha's Guide on Unholy Arts (Kikubaaqudgha gifted it to you on level 7 of the Dungeon)
  8023 | D:7      | Received a gift from Kikubaaqudgha
  8340 | D:7      | Learned a level 5 spell: Dispel Undead
  9349 | D:9      | Noticed a manticore
  9546 | D:9      | Reached skill level 9 in Dodging
 10100 | D:9      | Killed a manticore
 10106 | D:9      | Reached **** piety under Kikubaaqudgha
 10279 | D:9      | Found a staircase to the Orcish Mines.
 10363 | D:9      | Noticed a cyclops
 10401 | D:9      | Killed a cyclops
 10401 | D:9      | Reached XP level 11. HP: 69/86 MP: 10/20
 10408 | D:9      | Learned a level 5 spell: Agony
 10469 | D:9      | Noticed a deep elf mage
 10478 | D:9      | Killed a deep elf mage
 10478 | D:9      | Reached skill level 10 in Dodging
 10504 | D:9      | Got a dazzling mace
 10520 | D:9      | Identified Sif Muna's Grimoire of the Volcanoes
 10521 | D:9      | Got a fine mace
 10531 | D:9      | Identified the cursed +1 mace "Imes" {speed, rC+} (You found it on level 9 of the Dungeon)
 10667 | D:9      | Noticed an eight-headed hydra
 10699 | D:9      | Killed an eight-headed hydra
 10732 | D:9      | Noticed a two-headed ogre
 10760 | D:9      | Killed a two-headed ogre
 11200 | D:10     | Entered Level 10 of the Dungeon
 11345 | D:10     | Noticed a death yak
 11437 | D:10     | Killed a death yak
 11475 | D:10     | Found a staircase to the Lair.
 11477 | D:10     | Noticed a death yak
 11789 | D:10     | Identified the +5 mace "Qyto" {drain, *Slow +Inv Dex+2} (You found it on level 9 of the Dungeon)
 11867 | D:10     | Noticed a death yak
 11907 | D:10     | Killed a death yak
 11909 | D:10     | Killed a death yak
 12070 | D:10     | Found Dizojoip's Book Emporium.
 12071 | D:10     | Noticed a two-headed ogre
 12079 | D:10     | Killed a two-headed ogre
 12079 | D:10     | Reached skill level 11 in Dodging
 12273 | D:11     | Noticed Psyche
 12291 | D:11     | Killed Psyche
 12323 | D:11     | Reached ***** piety under Kikubaaqudgha
 12374 | D:11     | Found a frozen archway.
 12618 | IceCv    | Entered an ice cave
 13017 | IceCv    | Reached XP level 12. HP: 69/96 MP: 16/21
 13759 | IceCv    | Reached skill level 10 in Fighting
 14089 | IceCv    | Reached skill level 12 in Dodging
 14490 | IceCv    | Noticed a death yak
 14504 | IceCv    | Killed a death yak
 14534 | IceCv    | Killed from afar by a rime drake

Vault maps used:
D:1:      dpeg_arrival_windows_large_door
D:2:      evilmike_ruin_ashenzari, minmay_crystal_water
D:3:      old_standard_altar, chequers_ecumenical_altar_simple,
          kennysheep_jessica_study
D:4:      nicolae_overflow_crystal_walls, first_ration
D:5:      kiku_gazebo_pond_becter, gammafunk_temple_overflow_pools,
          uniq_prince_ribbit1, uniq_edmund, uniq_grinder
D:6:      kennysheep_mini, grunt_temple_overflow_open,
          minmay_temple_entry_glassed_door
D:8:      nicolae_ru_sacrificial_ziggurat, old_standard_altar, serial_glass,
          glass_columns_a, glass_columns_b, david_nohive_1
D:9:      minmay_the_grid_3x3
D:10:     dpeg_lair_monsters, serial_shops, nicolae_shop_window_shopping
D:11:     portal_ice_cave_entry_pillars_1, uniq_nergalle, uniq_psyche
IceCv:    ice_cave_caverns_01

Skill      XL: |  1  2  3  4  5  6  7  8  9 10 11 12 |
---------------+-------------------------------------+-----
Dodging        | 2 4 5 6 8 9 11 12 | 12.1
Fighting       | 1 2 3 4 5 6 8 9 10 | 10.2
Necromancy     | 3 4 6 8 9 |  9.3
Shields        | 4 |  4.0
Spellcasting   | 5 6 |  6.5
Stealth        | |  1.5
Conjurations   | |  0.7
Summonings     | |  0.7
Translocations | |  0.7

Action                   |  1- 3 |  4- 6 |  7- 9 | 10-12 || total
-------------------------+-------+-------+-------+-------++-------
Melee: Unarmed           |     5 |       |       |       ||     5
       Trident           |     8 |    42 |   694 |   281 ||  1025
       Staff             |       |       |       |   306 ||   306
       Mace              |       |       |       |   109 ||   109
 Fire: Hunting sling     |       |       |     8 |     3 ||    11
 Cast: Magic Dart        |    26 |       |       |       ||    26
       Call Imp          |    12 |     8 |    36 |    25 ||    81
       Conjure Flame     |     1 |     3 |    12 |    35 ||    51
       Mephitic Cloud    |     1 |     3 |    44 |    22 ||    70
       Vampiric Draining |       |       |     4 |   144 ||   148
       Dispel Undead     |       |       |       |     6 ||     6
       Agony             |       |       |       |   118 ||   118
       Blink             |       |       |       |     3 ||     3
  Use: Scroll            |       |       |     7 |    14 ||    21
 Stab: Confused          |       |     2 |    20 |     9 ||    31
       Distracted        |       |       |     3 |       ||     3
Armor: Robe              |    15 |     4 |   104 |    47 ||   170
       Steam dragon scal |       |       |       |   102 ||   102
Dodge: Dodged            |    39 |     8 |   490 |   911 ||  1448
Block: Buckler           |       |       |    62 |   205 ||   267

Table legend:
 A = Spawn XP
 B = Non-spawn XP
 C = Spawn XP percentage of total XP
 D = Spawn monster count
 E = Non-spawn monster count
 F = Spawn count percentage of total count
 G = Total turns spent on level
                    A         B        C        D         E        F      G
               +---------+---------+-------+---------+---------+-------+---------
         Total |       0 |   30050 |   0.0 |       0 |     331 |   0.0 | 14534
               +---------+---------+-------+---------+---------+-------+---------
           D:1 |       0 |      33 |   0.0 |       0 |      21 |   0.0 |   620
           D:2 |       0 |      69 |   0.0 |       0 |      18 |   0.0 |   890
           D:3 |       0 |     202 |   0.0 |       0 |      21 |   0.0 |   835
           D:4 |       0 |     674 |   0.0 |       0 |      24 |   0.0 |  1518
           D:5 |       0 |    1176 |   0.0 |       0 |      12 |   0.0 |  1373
           D:6 |       0 |    1516 |   0.0 |       0 |      21 |   0.0 |  1214
           D:7 |       0 |     884 |   0.0 |       0 |      29 |   0.0 |  1137
           D:8 |       0 |    2762 |   0.0 |       0 |      40 |   0.0 |  2053
           D:9 |       0 |    7119 |   0.0 |       0 |      54 |   0.0 |  1684
          D:10 |       0 |    4771 |   0.0 |       0 |      22 |   0.0 |   846
          D:11 |       0 |    1965 |   0.0 |       0 |      27 |   0.0 |   448
         IceCv |       0 |    8879 |   0.0 |       0 |      42 |   0.0 |  1916
               +---------+---------+-------+---------+---------+-------+---------
